 Dungeon Crawl Stone Soup version 0.30-a0-883-g5ad918d77d (webtiles) character file.

Game seed: 18439657312278979311

273 hikkokomori the Ducker (level 6, -2/48 HPs)
             Began as a Merfolk Gladiator on Mar 18, 2023.
             Killed by nerve-wracking pain
             ... invoked by Menkaure
              (6 damage)
             ... on level 4 of the Dungeon.
             The game lasted 00:05:21 (2796 turns).

hikkokomori the Ducker (Merfolk Gladiator)          Turns: 2796, Time: 00:05:23

Health: -2/48      AC:  5    Str: 14    XL:     6   Next: 23%
Magic:  15/15      EV: 14    Int:  8    God:
Gold:   122        SH:  0    Dex: 17    Spells: 2/5 levels left

rFire   + . .      SeeInvis .    a - +0 long sword
rCold   . . .      Faith    .    (no shield)
rNeg    . . .      Spirit   .    b - +0 leather armour
rPois   .          Reflect  .    c - +1 helmet
rElec   .          Rampage  .    (no cloak)
rCorr   .                        (no gloves)
Will    +....                    (no boots)
Stlth   +                        (no amulet)
HPRegen 0.28/turn                u - ring of Mead {rF+ Will+ MP+9}
MPRegen 0.14/turn                (no ring)

@: no status effects
A: (nimble swimmer 2), mertail
a: no special abilities


You were on level 4 of the Dungeon.
You visited 1 branch of the dungeon, and saw 4 of its levels.

You collected 122 gold pieces.

Inventory:

Hand Weapons
 a - a +0 long sword (weapon)
Missiles
 k - 9 poisoned darts (quivered)
Armour
 b - a +0 leather armour (worn)
 c - a +1 helmet (worn)
Jewellery
 u - the ring of Mead (left hand) {rF+ Will+ MP+9}
   (You found it on level 3 of the Dungeon)

   [ring of protection from fire]

   rF:        It protects you from fire.
   MP:        It affects your magic capacity (+9).
   Will:      It increases your willpower.
Scrolls
 h - a scroll of blinking
 l - a scroll of identify
 o - 3 scrolls of vulnerability
 q - a scroll of enchant weapon
 s - a scroll of amnesia {unknown}
Potions
 d - a potion of magic {unknown}
 f - a potion of resistance {unknown}
 i - a potion of heal wounds
 j - a potion of haste {unknown}
 m - a potion of mutation
 n - a potion of attraction
 p - 2 potions of curing
 r - a potion of might {unknown}


   Skills:
 + Level 3.9 Fighting
 + Level 5.1 Long Blades
 - Level 3.4 Throwing
 + Level 5.7 Dodging
 + Level 0.3 Stealth


You had 2 spell levels left.
You knew the following spells:

 Your Spells              Type           Power      Damage    Failure   Level
a - Stone Arrow           Conj/Erth      0%         3d7       86%         3

Your spell library contained the following spells:

 Spells                   Type           Power      Damage    Failure   Level
 Beastly Appendage        Tmut           0%         N/A       50%         1
 Sandblast                Erth           0%         2d4       50%         1
 Passwall                 Tmut/Erth      0%         N/A       63%         2
 Ice Form                 Ice/Tmut       0%         N/A       99%         4
 Alistair's Intoxication  Tmut/Pois      0%         N/A       100%        5
 Infestation              Necr           0%         N/A       100%        8


Dungeon Overview and Level Annotations

Branches:
Dungeon (4/15)
 Temple: D:4-7

Altars:
Qazlal
Yredelemnul
The Shining One

Shops:
D:1 *[=   D:4 :

Annotations:
D:4 Menkaure


Innate Abilities, Weirdness & Mutations

((You are very nimble when in or above water. (Stealth+, EV+, Speed+++)))
Your lower body shifts to a powerful aquatic tail in water.


Message History

The iguana convulses!
Your body is wracked with pain!
The iguana bites you.
* * * LOW HITPOINT WARNING * * *
Unknown command.
The iguana attacks as you move away! The iguana bites you.
* * * LOW HITPOINT WARNING * * *
You slash the iguana!
You kill the iguana!
Menkaure calls on the powers of darkness!
Your body is wracked with pain!
* * * LOW HITPOINT WARNING * * *
You slash the goblin!
You kill the goblin!
Menkaure calls on the powers of darkness!
Your body is wracked with pain!
* * * LOW HITPOINT WARNING * * *
You feel much better.
Menkaure calls on the powers of darkness!
Your body is wracked with pain!
Menkaure completely misses you.
Things that are here:
a +0 club; a goblin corpse You hit Menkaure but do no damage.
Menkaure is lightly damaged.
Menkaure giggles, "These cerements are ticklish..."
Menkaure misses you. Menkaure barely misses you.
You barely miss Menkaure.
Menkaure is lightly damaged.
Menkaure barely misses you.
You barely miss Menkaure.
Menkaure is lightly damaged.
Menkaure hits you!
* * * LOW HITPOINT WARNING * * *
You hit Menkaure.
Menkaure is moderately damaged.
Menkaure calls on the powers of darkness!
Your body is wracked with pain!
* * * LOW HITPOINT WARNING * * *
Menkaure gestures at you while chanting.
Pain shoots through your body!
You die...

..#.# . .... ### ..#####.M
#.. #.....).# #.# #(...#
#.# ##...####.#####.#
#...M..........#
#.#.####M###### ######.#.#
#@# # ####...##.#.#
#.#######..# #.......#.#†#
#.#........#
#.<.........####.#.#.######
...)...............#.#
#......###.[.###.###.#
#.....## #.#.....# #.#
#####.####...##### #.#
...).......### #.#


You could see Menkaure (fast).

Vanquished Creatures
  Edmund (D:4)
  An iguana (D:4)
  6 adders
  3 dart slugs
  7 bats
  4 endoplasms
  4 giant cockroaches
  5 goblins
  11 hobgoblins
  8 jackals
  2 quokkas (D:3)
  7 ball pythons
  8 frilled lizards
  8 kobolds
  5 rats
80 creatures vanquished.

Vanquished Creatures (others)
  A plant (D:3)
1 creature vanquished.

Grand Total: 81 creatures vanquished

Notes
Turn   | Place    | Note
-------+----------+-------------------------------------------
     0 | D:1      | hikkokomori the Merfolk Gladiator began the quest for the
                  | Orb.
     0 | D:1      | Reached XP level 1. HP: 16/16 MP: 1/1
    38 | D:1      | Found Geic's Jewellery Boutique.
    68 | D:1      | Reached XP level 2. HP: 23/23 MP: 2/2
   202 | D:1      | Found Fuodops's General Store.
   333 | D:1      | Found Lilerph's Armour Shop.
   638 | D:1      | Reached XP level 3. HP: 28/28 MP: 3/3
  1170 | D:2      | Reached XP level 4. HP: 31/34 MP: 4/4
  1651 | D:3      | Reached skill level 5 in Dodging
  1915 | D:3      | Found a basalt altar of Yredelemnul.
  1917 | D:3      | Noticed a profane servitor
  1954 | D:3      | Found a glowing golden altar of the Shining One.
  1956 | D:3      | Noticed an angel
  2022 | D:3      | Identified the ring of Mead {rF+ Will+ MP+9}
  2047 | D:3      | Reached XP level 5. HP: 41/41 MP: 5/5
  2530 | D:4      | Noticed Edmund
  2662 | D:4      | Killed Edmund
  2663 | D:4      | Reached skill level 5 in Long Blades
  2663 | D:4      | Reached XP level 6. HP: 48/48 MP: 6/6
  2671 | D:4      | Found Sarrin's Book Shoppe.
  2672 | D:4      | Found a stormy altar of Qazlal.
  2694 | D:4      | Got the Spellbook of Shadowy Reconstruction
  2760 | D:4      | Learned a level 3 spell: Stone Arrow
  2771 | D:4      | Noticed Menkaure
  2782 | D:4      | Identified the +2 robe "Aninu" {Str+3 SInv Stlth+}
  2796 | D:4      | Killed from afar by Menkaure

Illustrated notes

Levels and vault maps discovered:
D:1:      wander_arrival_fairy_ring, layout_basic, serial_shops, shop, shop,
          nicolae_shop_stone
D:2:      layout_basic
D:3:      layout_loops_ring, grunt_temple_overflow_holy_war,
          lexackson_kobold_supper
D:4:      layout_loops_ring, mainiacjoe_overflow_boulevard, serial_shops,
          nicolae_stop_n_shop_2, nicolae_shop_trees, minmay_circle_x,
          uniq_edmund, uniq_menkaure, uniq_sigmund

Skill      XL: |  1  2  3  4  5 |
---------------+----------------+-----
Long Blades    | 4 5 |  5.1
Fighting       | 3 |  3.9
Dodging        | 5 |  5.7
Throwing       | 3 |  3.4
Stealth        | |  0.3

Action                     |  1- 3 |  4- 6 || total
---------------------------+-------+-------++-------
  Melee: Long sword        |    82 |   151 ||   233
         Punch             |     1 |     1 ||     2
         Tailslap          |       |     2 ||     2
  Throw: Throwing net      |       |     3 ||     3
         Javelin           |       |     1 ||     1
    Use: Scroll            |       |     9 ||     9
         Potion            |       |     2 ||     2
   Stab: Sleeping          |     5 |     3 ||     8
         Held in net/web   |       |     2 ||     2
 Armour: Leather armour    |    24 |    54 ||    78
  Dodge: Dodged            |    51 |   139 ||   190

Table legend: (Time is in decaauts)
 A = Elapsed time spent in this place.
 B = Non-inter-level travel time spent in this place.
 C = Inter-level travel time spent in this place.
 D = Time resting spent in this place.
 E = Time spent auto-exploring this place.
 F = Levels seen in this place.
 G = Mean time per level.
                   A        B        C        D        E       F      G
               +--------+--------+--------+--------+--------+-----+--------+
         Total |   2849 |   2693 |    156 |    175 |   1911 |   4 |  712.2 |
       Dungeon |   2849 |   2693 |    156 |    175 |   1911 |   4 |  712.2 |
               +--------+--------+--------+--------+--------+-----+--------+

Top non-repeatable levels by time:
     D:3: 997 daAuts
     D:1: 838 daAuts
     D:2: 817 daAuts
     D:4: 195 daAuts
